 Dungeon Crawl Stone Soup version 0.22-a0-3-g4fa69d9a97 (webtiles) character file.

0 Manul the Ducker (level 1, -32/11 HPs)
             Began as a Spriggan Abyssal Knight on Jan 1, 2018.
             Was a Follower of Lugonu.
             Killed from afar by a lich (43 damage)
             ... with a bolt of acid
             ... on level 1 of the Abyss.
             The game lasted 00:00:41 (198 turns).

Manul the Ducker (Spriggan Abyssal Knight)           Turns: 198, Time: 00:00:42

Health: -32/11     AC:  2    Str:  8    XL:     1   Next: 0%
Magic:  3/3        EV: 18    Int: 13    God:    Lugonu [*.....]
Gold:   10         SH:  0    Dex: 15    Spells: 0/0 levels left

rFire    . . .     SeeInvis +   a - +1 short sword
rCold    . . .     Gourm    .   (shield restricted)
rNeg     . . .     Faith    .   b - +0 robe
rPois    .         Spirit   .   (helmet restricted)
rElec    .         Reflect  .   (no cloak)
rCorr    .         Harm     .   (gloves unavailable)
MR       .....                  (boots unavailable)
Stlth    +.........             (no amulet)
HPRegen  0.03/turn              (no ring)
MPRegen  0.08/turn              (no ring)

@: very quick
A: very small, unfitting armour, see invisible, herbivore, speed 3, slow
metabolism 2
a: Depart the Abyss, Renounce Religion


You were on level 1 of the Abyss.
You worshipped Lugonu.
Lugonu was aware of your devotion.
You were not hungry.

You visited 0 branches of the dungeon, and saw 0 of its levels.
You visited the Abyss 1 time.

You collected 10 gold pieces.

Inventory:

Hand Weapons
 a - a +1 short sword (weapon)
Armour
 b - a +0 robe (worn)
Scrolls
 d - a scroll of identify {unknown}
 f - a scroll of fear {unknown}
Potions
 e - a potion of curing {unknown}
Comestibles
 c - a ration


   Skills:
 + Level 2.4 Fighting
 + Level 2.1 Short Blades
 + Level 3.5 Dodging
 + Level 1.7 Invocations


You couldn't memorise any spells.
You didn't know any spells.

Dungeon Overview and Level Annotations

Branches:
Dungeon (0/15)

Altars:


Innate Abilities, Weirdness & Mutations

You are very small and have problems with some larger weapons.
You are too small for most types of armour.
You have supernaturally acute eyesight. (SInv)
You are a herbivore.
You cover ground extremely quickly.
You need consume almost no food.


Message History

A smoke demon comes into view.
A tentacle flies out from the starspawn's body!
A starspawn tentacle comes into view.
Found a scroll labeled PUKAOP TIFFOO.
A large abomination comes into view.
A lich comes into view.
Found a dagger.
A smoke demon comes into view.
The lich shouts!
The smoke demon roars!
A large abomination comes into view.
You see here a scroll labeled PUKAOP TIFFOO.
f - a scroll labeled PUKAOP TIFFOO The lich casts a spell at you.
The bolt of acid misses you.
The lich mumbles some strange words.
The lich seems to speed up.
The lich casts a spell at you. The bolt of acid hits you!
Ouch! That really hurt!
You die... ยงยง

#X # # # . .. .. .#.#
. ... #.###. ..#X
.#..###..#L .. #.#
.)#.#.## .. ..#.###.
###.#...#..#
#.#...#.#..#.....#
#.....X.#..#...3#....
..#.#..#.....@##....#.
#.##...##.# .#3#.#
##.##...#### # .. .#
#..... #. ##.. ##.. .#
# . ####.# #### .#...
$# .. ........ ##..#
## ..#.. .#....


You could see a tentacled starspawn, a lich and a smoke demon.

Vanquished Creatures (others)
  4 starspawn tentacles (Abyss:1)
4 creatures vanquished.

Notes
Turn   | Place    | Note
-------+----------+-------------------------------------------
     0 | Abyss:1  | Manul the Spriggan Abyssal Knight began the quest for the Orb.
     0 | Abyss:1  | Reached XP level 1. HP: 11/11 MP: 3/3
    73 | Abyss:1  | Noticed a small abomination
    75 | Abyss:1  | Noticed a neqoxec
   108 | Abyss:1  | Noticed a large abomination
   130 | Abyss:1  | Noticed a wretched star
   150 | Abyss:1  | Noticed a large abomination
   153 | Abyss:1  | Noticed an orange demon
   182 | Abyss:1  | Noticed a tentacled starspawn
   187 | Abyss:1  | Noticed a smoke demon
   191 | Abyss:1  | Noticed a large abomination
   192 | Abyss:1  | Noticed a lich
   193 | Abyss:1  | Noticed a smoke demon
   194 | Abyss:1  | Noticed a large abomination
   198 | Abyss:1  | Killed from afar by a lich

Vault maps used:

Action                   || total
-------------------------++-------
Dodge: Dodged            ||     2

Table legend:
 A = Spawn XP
 B = Non-spawn XP
 C = Spawn XP percentage of total XP
 D = Spawn monster count
 E = Non-spawn monster count
 F = Spawn count percentage of total count
 G = Total turns spent on level
                    A         B        C        D         E        F      G
               +---------+---------+-------+---------+---------+-------+---------
         Total |       0 |       0 |   N/A |       0 |       0 |   N/A |   198
               +---------+---------+-------+---------+---------+-------+---------
               +---------+---------+-------+---------+---------+-------+---------
